Map: Acropolis LE

Players

Mez - Winner!

  • Race: Terran Terran
  • League: Master
  • Spawn Location: 5:00

xorr

  • Race: Protoss Protoss
  • League: Diamond
  • Spawn Location: 11:00

VOD

Have the link to the VOD?

Description

Time

  • Played on: Aug. 19, 2019, 5:15 p.m.
  • Length: 7:21
Show
View Real Time Build Order
Export as new Build Order

Mez Terran - Winner!

Build Orders:  

Get SALT Encoding   

  12  0:00  SCV  
  13  0:13  SCV  
  14  0:18  Supply Depot  
  14  0:25  SCV  
  15  0:39  SCV  
  15  0:40  Barracks  
  16  0:44  Refinery  
  16  0:52  SCV  
  17  1:04  SCV  
  18  1:17  SCV  
  19  1:28  Reaper  
  19  1:30  Orbital Command  
  20  1:35  Supply Depot  
  18  1:57  Bunker  
  18  2:04  SCV  
  18  2:06  Refinery  
  19  2:09  Factory  
  19  2:11  Marine  
  20  2:19  SCV  
  21  2:25  Supply Depot  
  21  2:34  SCV  
  22  2:41  Barracks Reactor  
  22  2:46  SCV  
  23  3:11  Factory Tech Lab  
  23  3:14  Starport  
  23  3:19  SCV, Command Center  
  24  3:21  Marine x2  
  26  3:32  SCV  
  26  3:33  Cyclone  
  30  3:39  Marine x2  
  32  3:49  SCV  
  33  3:55  Starport Tech Lab  
  33  3:59  Viking  
  33  4:00  Marine  
  33  4:01  Marine  
  33  4:02  SCV  
  38  4:13  Siege Tank  
  38  4:14  SCV  
  42  4:25  Marine x2  
  44  4:34  Command Center  
  44  4:35  Starport Tech Lab  
  44  4:43  Marine x2  
  46  4:48  Siege Tank  
  47  5:04  Marine x2  
  36  5:22  Banshee  
  34  5:30  SCV  
  32  5:40  Marine x2  
  26  5:50  SCV  
  26  5:51  SCV  
  13  6:35  Banshee  
  13  6:37  Siege Tank  
  18  6:51  Marine x2  
  19  7:06  SCV  
Show
View Real Time Build Order
Export as new Build Order

xorr Protoss 

Build Orders:  

Get SALT Encoding   

  12  0:16  Probe  
  12  0:17  Pylon  
  13  0:36  Forge  
  13  0:40  Probe  
  14  0:46  Pylon  
  14  0:48  Probe  
  14  0:56  Probe  
  16  1:10  Photon Cannon  
  16  1:14  Probe  
  17  1:20  Gateway  
  17  1:26  Probe  
  18  1:37  Pylon  
  18  1:52  Probe  
  18  1:55  Assimilator  
  18  2:02  Assimilator  
  18  2:05  Probe  
  18  2:06  Cybernetics Core  
  18  2:08  Zealot  
  19  2:19  Probe  
  22  2:31  Probe  
  22  2:35  Stalker  
  23  2:42  Warp Gate, Pylon  
  23  2:43  Probe  
  25  3:09  Gateway  
  25  3:10  Gateway  
  25  3:11  Gateway  
  25  3:22  Probe  
  26  3:35  Probe  
  25  3:49  Probe  
  25  3:55  Pylon  
  26  4:14  Pylon  
  26  4:32  Stalker x3  
  26  4:33  Stalker  
  34  4:51  Pylon  
  34  5:10  Zealot  
  34  5:11  Zealot, Stalker x2  
  9  5:44  Stalker x2  
  5  6:24  Sentry  
  6  6:36  Zealot  
Tags
 
Add a new tag
Caveats
  • Supply blocks, unpowered buildings, or Contaminate may cause inaccurate times.
  • Supply counts are checked every 10 seconds.